 Dungeon Crawl Stone Soup version 0.27-a0-1196-g3e9cee4cb2 (webtiles) character file.

Game seed: 13912839732973360390

8 PentaManta the Insei (level 2, 22/22 HPs)
             Began as a Vampire Gladiator on May 28, 2021.
             Safely got out of the dungeon.
             The game lasted 00:01:27 (305 turns).

PentaManta the Insei (Vampire Gladiator)             Turns: 305, Time: 00:01:28

Health: 22/22      AC:  6    Str: 13    XL:     2   Next: 0%
Magic:  2/2        EV: 11    Int: 10    God:
Gold:   34         SH:  0    Dex: 15    Spells: 1/1 levels left

rFire    . . .     SeeInvis +     - Unarmed
rCold    . . .     Faith    .   (no shield)
rNeg     . . .     Spirit   .   e - +0 ring mail
rPois    .         Reflect  .   b - +0 helmet
rElec    .         Harm     .   (no cloak)
rCorr    .         Rampage  .   (no gloves)
Will     .....                  (no boots)
Stlth    +.........             (no amulet)
HPRegen  0.27/turn              (no ring)
MPRegen  0.08/turn              (no ring)

@: healing quickly
A: alive, fangs 3, see invisible, vampiric 1
a: Exsanguinate


You escaped.
You visited 1 branch of the dungeon, and saw 1 of its levels.

You collected 34 gold pieces.

Inventory:

Missiles
 c - 3 throwing nets (quivered)
Armour
 a - a +0 leather armour
 b - a +0 helmet (worn)
 e - a +0 ring mail (worn)
Potions
 d - a potion of resistance {unknown}


   Skills:
 + Level 2.0 Fighting
 - Level 1.5 Throwing
 + Level 3.4 Dodging
 * Level 3.6 Unarmed Combat


You had one spell level left.
You didn't know any spells.
Your spell library was empty.

Dungeon Overview and Level Annotations

Branches:
Dungeon (1/15)

Altars:


Innate Abilities, Weirdness & Mutations

Your natural rate of healing is accelerated.
You have razor-sharp teeth.
You have supernaturally acute eyesight. (SInv)
You are afflicted with vampirism.


Message History

A rat and an endoplasm come into view.
Found an escape hatch in the floor.
The helpless rat fails to defend itself.
You hit the rat.
You kill the rat!
The endoplasm quivers.
The endoplasm freezes you.
You are frozen.
You barely miss the endoplasm. You bite the endoplasm.
The endoplasm is lightly wounded.
The endoplasm freezes you.
You are frozen.
You are too injured to fight recklessly!
You are too injured to fight recklessly!
You are too injured to fight recklessly!
You are too injured to fight recklessly!
You hit the endoplasm.
The endoplasm is severely wounded.
The endoplasm freezes you.
You are frozen.
You hit the endoplasm.
You kill the endoplasm!
Your Fighting skill increases to level 2!
You have reached level 2!
You see here a +0 ring mail.
e - a +0 ring mail You start removing your armour.
You continue taking off your +0 leather armour. x4
You finish taking off your +0 leather armour.
You start putting on your armour.
You continue putting on your +0 ring mail. x5
You finish putting on your +0 ring mail.
You see here a quokka corpse.
You see here a hobgoblin corpse.
You see here a +0 dagger.
There is a stone staircase leading down here.
You see here a +0 robe.
There is a staircase leading out of the dungeon here.
Are you sure you want to leave the Dungeon?
This will make you lose the game!
You have escaped!

#.# .### #.# .....
#.# # #.#.### #.# #
......# #.#### #
#.#.#.###....# # ..
#.#.......##.# #
#.#.###.###.#.####.#
# #......@..[...#
#.# #
#.#.###.###.#.## #.#
# .....#.#......#
#.# # #.#.#.#.#.####
#.# # #.........#
#.# # ###.#.#.###
#.# # #.....# #.# #
#.###.# #.# # ## ###
#.#


There were no monsters in sight!

Vanquished Creatures
  2 endoplasms (D:1)
  A goblin (D:1)
  A hobgoblin (D:1)
  A quokka (D:1)
  A bat (D:1)
  A rat (D:1)
7 creatures vanquished.

Notes
Turn   | Place    | Note
-------+----------+-------------------------------------------
     0 | D:1      | PentaManta the Vampire Gladiator began the quest for the
                  | Orb.
     0 | D:1      | Reached XP level 1. HP: 16/16 MP: 1/1
   206 | D:1      | Reached XP level 2. HP: 8/22 MP: 2/2
   305 | D:$      | Safely got out of the dungeon.

Illustrated notes

Levels and vault maps discovered:
D:1:      roderic_chinese_lattice_arrival, layout_loops_ring, minmay_cupped

Skill      XL: |  1 |
---------------+----+-----
Fighting       | 2 |  2.0
Throwing       | |  1.5
Dodging        | |  3.4
Unarmed Combat | |  3.6

Action                   || total
-------------------------++-------
Melee: Unarmed           ||    26
       Bite              ||     1
 Stab: Sleeping          ||     1
Armor: Leather armour    ||     5
Dodge: Dodged            ||    15

Table legend: (Time is in decaauts)
 A = Elapsed time spent in this place.
 B = Non-inter-level travel time spent in this place.
 C = Inter-level travel time spent in this place.
 D = Time resting spent in this place.
 E = Time spent auto-exploring this place.
 F = Levels seen in this place.
 G = Mean time per level.
                   A        B        C        D        E       F      G
               +--------+--------+--------+--------+--------+-----+--------+
         Total |    303 |    226 |     77 |     48 |    116 |   1 |  303.0 |
       Dungeon |    303 |    226 |     77 |     48 |    116 |   1 |  303.0 |
               +--------+--------+--------+--------+--------+-----+--------+

Top non-repeatable levels by time:
     D:1: 303 daAuts
